 Seeded DCSS version 0.29.1-1-gd02db6906a (webtiles) character file.

Game seed: 18269394834065025426 (custom seed)

38 lonewolfV2 the Trooper (level 3, -1/33 HPs)
             Began as a Draconian Fighter on Oct 17, 2022.
             Slain by Sigmund
             ... wielding a +0 scythe
              (9 damage)
             ... on level 2 of the Dungeon.
             The game lasted 00:01:47 (1315 turns).

lonewolfV2 the Trooper (Draconian Fighter)          Turns: 1315, Time: 00:01:48

Health: -1/33      AC:  5    Str: 20    XL:     3   Next: 25%
Magic:  3/3        EV: 12    Int:  8    God:
Gold:   83         SH:  4    Dex: 10    Spells: 2/2 levels left

rFire   . . .      SeeInvis .   a - +0 long sword
rCold   . . .      Faith    .   b - +0 buckler
rNeg    . . .      Spirit   .   (body armour unavailable)
rPois   .          Reflect  .   (helmet restricted)
rElec   .          Harm     .   (no cloak)
rCorr   .          Rampage  .   (no gloves)
Will    .....                   (no boots)
Stlth   +.........              (no amulet)
HPRegen 0.11/turn               (no ring)
MPRegen 0.08/turn               (no ring)

@: mighty
A: AC +5, unfitting armour, cold-blooded
a: no special abilities


You were on level 2 of the Dungeon.
You visited 1 branch of the dungeon, and saw 2 of its levels.

You collected 83 gold pieces.

Inventory:

Hand Weapons
 a - a +0 long sword (weapon)
Armour
 b - a +0 buckler (worn)
Wands
 j - a wand of paralysis (13)
Scrolls
 d - a scroll of enchant armour {unknown}
 e - a scroll of fog {unknown}
 f - a scroll of poison {unknown}
 g - a scroll of amnesia {unknown}
 h - a scroll of teleportation {unknown}
 i - a scroll of identify {unknown}


   Skills:
 + Level 3.7 Fighting
 + Level 0.0(1.4) Short Blades
 * Level 2.5 Long Blades
 + Level 3.0 Dodging
 + Level 3.3 Shields


You had 2 spell levels left.
You didn't know any spells.
Your spell library was empty.

Dungeon Overview and Level Annotations

Branches:
Dungeon (2/15)

Altars:

Shops:
D:1 (

Annotations:
D:2 Sigmund


Innate Abilities, Weirdness & Mutations

Your plain brown scales are hard. (AC +5)
You cannot fit into any form of body armour.
You are cold-blooded and may be slowed by cold attacks.


Message History

HP restored.
There is a stone staircase leading down here.
j - a wand of paralysis (13)
You see here a ball python corpse.
There is a stone staircase leading up here.
There is a stone staircase leading up here.
Sigmund the Dreaded comes into view.
He is wielding a +0 scythe.
Sigmund shouts!
Sigmund casts a spell.
Sigmund flickers and vanishes!
Deactivating autopickup; reactivate with Ctrl-A.
There is a strange disturbance nearby!
There is a strange disturbance nearby!
A puff of flame appears from out of thin air!
You block the puff of flame.
A puff of flame appears from out of thin air!
The puff of flame misses you. Something hits you but does no damage.
You block something's attack.
You hit something. You slash something!
Your tail-slap misses something.
Something hits you but does no damage.
You closely miss something. Something hits you!
You hit something.
Your tail-slap misses something.
You block something's attack.
You hit something.
You hear some strange, mumbled words.
A magic dart appears from out of thin air!
The magic dart hits you.
You closely miss something. Something hits you.
You feel very mighty all of a sudden.
You hear some strange, mumbled words.
A magic dart appears from out of thin air!
The magic dart hits you!
* * * LOW HITPOINT WARNING * * *
You hit something.
Your tail-slap misses something.
You hear some strange, mumbled words.
Something tries to affect you, but you resist.
You completely miss something. Something hits you!
You die...

#######
.$.#.#
#######.#.#
^.........#
#####.#.#.#
# #.#.#
#.#.# #@#.#
#{#.# #.#.#
#.#.# #.#.#
#.#.# #.#.#
..#.#
####.#######


There were no monsters in sight!

Vanquished Creatures
  A dart slug (D:1)
  3 bats (D:1)
  6 endoplasms (D:1)
  4 goblins (D:1)
  A hobgoblin (D:1)
  4 jackals (D:1)
  6 kobolds (D:1)
  A quokka (D:1)
  2 ball pythons
  A frilled lizard (D:1)
  3 rats (D:1)
32 creatures vanquished.

Notes
Turn   | Place    | Note
-------+----------+-------------------------------------------
     0 | D:1      | lonewolfV2 the Draconian Fighter began the quest for the
                  | Orb.
     0 | D:1      | Reached XP level 1. HP: 19/19 MP: 1/1
   140 | D:1      | Found Essufad's Antique Weapon Shoppe.
   287 | D:1      | Reached XP level 2. HP: 25/26 MP: 2/2
   968 | D:1      | Reached XP level 3. HP: 26/33 MP: 3/3
  1301 | D:2      | Noticed Sigmund
  1315 | D:2      | Slain by Sigmund

Illustrated notes

Levels and vault maps discovered:
D:1:      minmay_arrival_checkered_box, layout_basic, serial_shops, shop
D:2:      layout_basic, hellmonk_ecumenical_altar_blasted, uniq_sigmund

Skill      XL: |  1  2 |
---------------+-------+-----
Dodging        | 3 |  3.0
Fighting       | |  3.7
Long Blades    | |  2.5
Shields        | |  3.3

Action                   || total
-------------------------++-------
Melee: Long sword        ||    95
       Tailslap          ||     7
  Use: Potion            ||     1
Armor: Skin              ||    33
Dodge: Dodged            ||    67
Block: Buckler           ||    24
